 Dungeon Crawl Stone Soup version 0.23.1 (webtiles) character file.

Game seed: 10928870271319038528

126 Gargoyl the Skirmisher (level 4, -4/40 HPs)
             Began as a Centaur Abyssal Knight on Mar 17, 2019.
             Was a Follower of Lugonu.
             Slain by an ogre
             ... wielding a +0 giant club
              (17 damage)
             ... on level 4 of the Dungeon.
             The game lasted 00:03:21 (3120 turns).

Gargoyl the Skirmisher (Centaur Abyssal Knight)     Turns: 3120, Time: 00:03:22

Health: -4/40      AC:  8    Str: 17    XL:     4   Next: 83%
Magic:  5/5        EV:  4    Int: 11    God:    Lugonu [*.....]
Gold:   198        SH:  3    Dex:  9    Spells: 3/3 levels left

rFire    . . .     SeeInvis .   a - +2 hand axe
rCold    + . .     Gourm    .   j - +0 buckler
rNeg     . . .     Faith    .   e - +1 chain mail
rPois    .         Spirit   .   (no helmet)
rElec    .         Reflect  .   (no cloak)
rCorr    .         Harm     .   (no gloves)
MR       .....                  (no barding)
Stlth    ..........             d - amulet of the acrobat
HPRegen  0.13/turn              f - +2 ring of strength
MPRegen  0.09/turn              b - ring of protection from cold

@: very quick
A: large, hooves 3, deformed body, speed 2, tough skin 3
a: Depart the Abyss, Renounce Religion


You were on level 4 of the Dungeon.
You worshipped Lugonu.
Lugonu was aware of your devotion.
You were not hungry.

You visited 1 branch of the dungeon, and saw 4 of its levels.
You visited the Abyss 1 time.

You collected 198 gold pieces.

Inventory:

Hand Weapons
 a - a +2 hand axe (weapon)
Missiles
 o - 4 tomahawks (quivered)
Armour
 e - a +1 chain mail (worn)
 j - a +0 buckler (worn)
Jewellery
 b - a ring of protection from cold (right hand)
 d - an amulet of the acrobat (around neck)
 f - a +2 ring of strength (left hand)
 p - a cursed amulet of inaccuracy {unknown}
Scrolls
 g - 3 scrolls of remove curse
 n - 2 scrolls of identify
Potions
 h - a potion of agility
 i - 2 potions of brilliance
 k - a potion of ambrosia {unknown}
 l - a potion of resistance {unknown}
 m - a potion of curing {unknown}
 q - a potion of heal wounds {unknown}
 s - a potion of flight {unknown}
Comestibles
 c - 2 rations
 r - 2 chunks of flesh


   Skills:
 + Level 3.6 Fighting
 + Level 2.5 Axes
 * Level 2.5 Armour
 * Level 1.2 Dodging
 * Level 2.5 Invocations


You had 3 spell levels left.
You didn't know any spells.
Your spell library was empty.

Dungeon Overview and Level Annotations

Branches:
Dungeon (4/15)
 Temple: D:4-7

Altars:
Gozag
Vehumet


Innate Abilities, Weirdness & Mutations

You have hooves in place of feet.
Armour fits poorly on your strangely shaped body.
You cover ground very quickly.
You have extremely tough skin. (AC +3)


Message History

Throwing (i - inventory)
o - 5 tomahawks (quivered)
Press: ? - help, Shift-Dir - straight line, f/p - ogre
Aim: an ogre, wielding a +0 giant club You throw a tomahawk.
The tomahawk hits the ogre.
The ogre is lightly wounded.
Your chain mail prevents you from hitting the ogre.
You kick the ogre!
The ogre is heavily wounded.
The ogre hits you with a +0 giant club!
Your chain mail prevents you from hitting the ogre.
Your kick misses the ogre.
The ogre is heavily wounded.
The ogre barely misses you.
You hit the ogre.
The ogre is heavily wounded.
The ogre hits you with a +0 giant club!
You slash the ogre! You kick the ogre, but do no damage.
The ogre is severely wounded.
The ogre hits you with a +0 giant club!
You die...

#.....#######'###
#.....#.....(...#
#.....#.........#
#.....#.........#
#.....#.........#
#.....#.........#
#######.........#
###.....###
#@##### #O# #(#
... ... .....
..(.. ...(..#


You could see an ogre.

Vanquished Creatures
  A howler monkey (D:4)
  An orc priest (D:4)
  An adder (D:2)
  A dart slug (D:1)
  A leopard gecko (D:4)
  4 orcs (D:4)
  5 bats
  6 giant cockroaches
  7 goblins
  4 hobgoblins
  2 ball pythons
  A frilled lizard (D:2)
  2 kobolds
  5 rats
41 creatures vanquished.

Notes
Turn   | Place    | Note
-------+----------+-------------------------------------------
     0 | Abyss:1  | Gargoyl the Centaur Abyssal Knight began the quest for the
                  | Orb.
     0 | Abyss:1  | Reached XP level 1. HP: 19/19 MP: 2/2
    34 | Abyss:2  | Noticed a hell hound
    35 | Abyss:2  | Noticed a hell hound
    35 | Abyss:2  | Noticed a hell hound
    50 | D:1      | Escaped the Abyss
   280 | D:1      | Reached XP level 2. HP: 26/26 MP: 3/3
   423 | D:1      | Reached * piety under Lugonu
   906 | D:1      | Reached skill level 1 in Dodging
  1298 | D:2      | Found an opulent altar of Gozag.
  1535 | D:2      | Reached XP level 3. HP: 30/31 MP: 4/4
  2404 | D:3      | Found a radiant altar of Vehumet.
  3053 | D:4      | Reached XP level 4. HP: 36/38 MP: 5/5
  3112 | D:4      | Noticed an ogre
  3120 | D:4      | Slain by an ogre

Skill      XL: |  1  2  3 |
---------------+----------+-----
Axes           | 2 |  2.5
Dodging        | 1 |  1.2
Armour         | 2 |  2.5
Fighting       | |  3.6
Invocations    | |  2.5

Action                   |  1- 3 |  4- 6 || total
-------------------------+-------+-------++-------
Melee: Hand axe          |    99 |    13 ||   112
       Kick              |    20 |     3 ||    23
Throw: Tomahawk          |       |     4 ||     4
Invok: Depart the Abyss  |     1 |       ||     1
  Use: Scroll            |    11 |       ||    11
       Potion            |     1 |       ||     1
 Stab: Fleeing           |     1 |       ||     1
  Eat: Chunk             |     4 |     1 ||     5
Armor: Leather armour    |     3 |       ||     3
       Chain mail        |    57 |     4 ||    61
Dodge: Dodged            |    39 |     3 ||    42
Block: Buckler           |     6 |     3 ||     9
